 Dungeon Crawl Stone Soup version 0.20-a0-1078-g4874019 (webtiles) character file.

641 FastMan the Chopper (level 7, -5/45 HPs)
             Began as a Gargoyle Fighter on May 1, 2017.
             Killed from afar by an orc wizard (8 damage)
             ... with a magic dart
             ... on level 5 of the Dungeon.
             The game lasted 00:02:37 (3107 turns).

FastMan the Chopper (Gargoyle Fighter)              Turns: 3107, Time: 00:02:37

Health: -5/45      AC: 15    Str: 21    XL:     7   Next: 51%
Magic:  7/7        EV: 12    Int:  8    God:
Gold:   363        SH:  9    Dex: 15    Spells: 6/6 levels left

rFire    + . .     SeeInvis +   a - +0 war axe
rCold    . . .     Gourm    .   c - +0 shield
rNeg     + . .     Faith    .   s - +2 scale mail {rF+}
rPois    ∞         Spirit   .   p - +1 helmet {SInv}
rElec    +         Reflect  .   (no cloak)
rCorr    .         Harm     .   (no gloves)
MR       .....                  (no boots)
Stlth    +.........             (no amulet)
Regen    0.2/turn               (no ring)
MPRegen  0.1/turn               (no ring)

@: agile
A: negative energy resistance 1, electricity resistance, unbreathing,
petrification resistance, rot immunity, AC +4
a: no special abilities


You were on level 5 of the Dungeon.
You were hungry.

You visited 1 branch of the dungeon, and saw 5 of its levels.

You collected 363 gold pieces.

Inventory:

Hand Weapons
 a - a +0 war axe (weapon)
Armour
 c - a +0 shield (worn)
 p - a +1 helmet of see invisible (worn)
 s - a +2 scale mail of fire resistance (worn)
Scrolls
 b - 2 scrolls of recharging {unknown}
 h - 2 scrolls of enchant armour {unknown}
 i - a scroll of enchant weapon {unknown}
 m - a scroll of immolation {unknown}
 q - 3 scrolls of identify {unknown}
 r - 2 scrolls of teleportation {unknown}
Potions
 e - 2 potions of agility {@q5}
 k - a potion of mutation {unknown}
 l - a potion of flight {unknown}
 n - a potion of degeneration {unknown}
 t - a potion of cancellation {unknown}
Comestibles
 f - a bread ration {@e1}
 o - 2 royal jellies {@e3}


   Skills:
 + Level 5.8 Fighting
 * Level 6.2 Axes
 - Level 3.2 Armour
 - Level 3.2 Shields


You had 6 spell levels left.
You didn't know any spells.

Dungeon Overview and Level Annotations

Branches:
Dungeon (5/15)
 Temple: D:4-7

Altars:
Cheibriados
Dithmenos


Innate Abilities, Weirdness & Mutations

You are resistant to torment.
Your stone body is resilient. (AC +4)
You are immune to poison.
You resist negative energy. (rN+)
You are resistant to electric shocks. (rElec)
You can survive without breathing.
You are immune to petrification.
You are immune to rotting.


Message History

The orc wizard is almost dead.
You block the orc wizard's attack.
The orc wizard gestures at you while chanting.
The magic dart hits you!
* * * LOW HITPOINT WARNING * * *
Unknown command.
Okay, then.
Unknown command.
Your shield and scale mail prevent you from hitting the orc wizard.
The orc wizard is almost dead.
You block the orc wizard's attack.
The orc wizard hits you but does no damage.
You closely miss the orc wizard.
The orc wizard is almost dead.
The orc wizard is no longer moving quickly.
The orc wizard points at you and mumbles some strange words.
The magic dart hits you! The orc wizard casts a spell at you.
The magic dart hits you!
You die...

#..#.......#
#..###.#.###
#..###.....##
#...........#
#.#####..####...
#.# #.>.......
.##.#####.#######+
........).)....#
....#####@####.#
#..o..##o#
#.oY..o#
.Y........#
..(.......#
..#.......# .
#.......#
#......##
...##'###


You could see 2 orc wizards.

Vanquished Creatures
  A sky beast (D:5)
  A scorpion (D:4)
  A howler monkey (D:4)
  A hound (D:4)
  2 orc priests (D:5)
  A gnoll shaman (D:4)
  Terence (D:2)
  2 iguanas
  An orc wizard (D:5)
  2 worker ants (D:4)
  A hound skeleton (D:4)
  Robin (D:2)
  7 gnolls (D:4)
  2 adders
  A worm (D:2)
  A dart slug (D:4)
  A leopard gecko (D:1)
  8 orcs
  6 bats
  A giant cockroach (D:4)
  12 hobgoblins
  7 jackals
  2 frilled lizards (D:4)
  16 goblins
  A jackal skeleton (D:4)
  5 kobolds
  7 rats
  A fungus (D:2)
93 creatures vanquished.

Notes
Turn   | Place    | Note
-------+----------+-------------------------------------------
     0 | D:1      | FastMan the Gargoyle Fighter began the quest for the Orb.
     0 | D:1      | Reached XP level 1. HP: 14/14 MP: 1/1
   145 | D:1      | Reached skill level 2 in Axes
   218 | D:1      | Reached XP level 2. HP: 19/19 MP: 2/2
   417 | D:1      | Reached XP level 3. HP: 23/23 MP: 3/3
   629 | D:1      | Reached skill level 3 in Axes
   816 | D:2      | Noticed Robin
   825 | D:2      | Killed Robin
   825 | D:2      | Reached XP level 4. HP: 26/29 MP: 4/4
   885 | D:2      | Noticed Terence
   892 | D:2      | Killed Terence
   917 | D:2      | Found a snail-covered altar of Cheibriados.
  1594 | D:3      | Reached skill level 4 in Axes
  1662 | D:3      | Reached XP level 5. HP: 33/33 MP: 5/5
  1843 | D:3      | Found a faded altar of an unknown god.
  2306 | D:4      | Reached XP level 6. HP: 36/39 MP: 6/6
  2311 | D:4      | Found a shadowy altar of Dithmenos.
  2351 | D:4      | Reached skill level 5 in Axes
  2367 | D:4      | Reached skill level 5 in Fighting
  2538 | D:4      | Reached XP level 7. HP: 32/44 MP: 7/7
  2549 | D:5      | Entered Level 5 of the Dungeon
  3093 | D:5      | Reached skill level 6 in Axes
  3107 | D:5      | Killed from afar by an orc wizard

Vault maps used:
D:1:      sevenhm_arrival_forest_fort_large_2, minmay_misc_feat_chi,
          roderic_lattice_a, minmay_fountain_box
D:2:      minmay_gold_behind_fungi, cheibriados_altar_1, uniq_terence,
          uniq_robin
D:3:      chequers_ecumenical_altar_lobes
D:4:      overflow_temple_1_default, minmay_temple_entry_purple_smoke
D:5:      gammafunk_temple_overflow_forgotten, first_bread,
          evilmike_ruin_ashenzari, uniq_sigmund, uniq_grinder

Skill      XL: |  1  2  3  4  5  6  7 |
---------------+----------------------+-----
Axes           | 2 3 4 5 6 |  6.2
Fighting       | 4 5 |  5.8
Armour         | |  3.2
Shields        | |  3.2

Action                   |  1- 3 |  4- 6 |  7- 9 || total
-------------------------+-------+-------+-------++-------
Melee: War axe           |   110 |   175 |    44 ||   329
  Use: Potion            |       |     1 |     7 ||     8
  Eat: Chunk             |       |     6 |     1 ||     7
Armor: Scale mail        |    70 |   103 |    50 ||   223
Dodge: Dodged            |    39 |    59 |    25 ||   123
Block: Shield            |    65 |    88 |    35 ||   188
